AoeStats
← UncleRambo69

Arena

510813811Analyzed
3v3 RM · 13h ago on Oct 2, 2026· 57m 1s· 6 players
Game mode
Random Map
Map size
Normal (6 player)
Population
200
Speed
Normal
Resources
Standard
Victory
Conquest
Starting age
Dark Age
Ending age
Imperial Age
RankedLock teamsTeams togetherTeam positionsShared explorationLock speedFull tech treeHidden civsTurbo modeCheats
Victory
Defeat
🇹🇷 Saxons · Türkiye
1416
+14
🇹🇷 Bohemians · Türkiye
1388
+15
🇹🇷 Franks · Türkiye
1239
+21
🇮🇳 Teutons · India
1442
-20
🇳🇿 Persians · New Zealand
1374
-17
🇫🇷 Vietnamese · France
1266
-13
MrBanana
10:34 Feudal Age
14:37 Castle Age
14:00 Double-Bit Axe
15:29 Bow Saw
15:41 Gold Mining
19:47 Husbandry
20:59 Scale Barding Armor
22:19 Forging
27:32 Wheelbarrow
26:44 Loom
29:44 Hand Cart
31:13 Gold Shaft Mining
30:30 Stone Mining
34:02 Imperial Age
33:11 Chain Barding Armor
33:26 Iron Casting
34:50 Cavalier
36:31 Plate Barding Armor
37:27 Blast Furnace
36:33 Paladin
38:35 Fletching
40:51 Conscription
40:53 Bodkin Arrow
42:35 Padded Archer Armor
42:19 Elite Skirmisher
45:00 Leather Archer Armor
46:10 Scale Mail Armor
45:36 Pikeman
46:17 Squires
46:02 Arson
53:33 Murder Holes
53:45 Siege Engineers
55:09 Ballistics
55:50 Chemistry
54:32 Treadmill Crane
55:58 Chain Mail Armor
57:50 Hoardings
BlueSh
9:38 Feudal Age
9:33 Loom
14:15 Castle Age
13:43 Double-Bit Axe
13:40 Horse Collar
29:35 Wheelbarrow
31:43 Fortified Wall
32:10 Bow Saw
32:16 Heavy Plow
33:21 Hand Cart
33:22 Town Watch
33:52 Fletching
34:03 Padded Archer Armor
34:36 Bodkin Arrow
36:56 Ballistics
37:35 Leather Archer Armor
37:34 Masonry
37:06 Treadmill Crane
36:50 Crossbowman
37:45 Gold Mining
42:06 Imperial Age
40:12 Squires
40:55 Thumb Ring
41:08 Pikeman
42:23 Forging
42:14 Scale Mail Armor
42:10 Arbalester
44:03 Chemistry
43:55 Bracer
44:26 Ring Archer Armor
44:25 Conscription
44:41 Hoardings
45:04 Shield Wall
46:43 Iron Casting
46:24 Chain Mail Armor
46:16 Halberdier
48:17 Arson
49:32 Town Patrol
54:38 Capped Ram
55:35 Siege Ram
Kean
5:04 Loom
9:46 Feudal Age
13:46 Castle Age
12:04 Double-Bit Axe
19:04 Fervor
20:40 Wheelbarrow
23:39 Hand Cart
23:36 Town Watch
26:29 Horse Collar
32:29 Imperial Age
30:15 Heavy Plow
30:23 Fletching
30:33 Padded Archer Armor
30:52 Town Patrol
31:43 Masonry
32:03 Wagenburg Tactics
32:49 Bow Saw
33:35 Ballistics
33:27 Forging
32:41 Pikeman
33:21 Squires
34:30 Chemistry
33:54 Conscription
34:54 Two-Man Saw
33:36 Halberdier
34:17 Scale Mail Armor
36:28 Iron Casting
36:09 Chain Mail Armor
35:50 Bodkin Arrow
36:23 Elite Hussite Wagon
38:21 Blast Furnace
37:52 Plate Mail Armor
37:27 Bracer
41:37 Houfnice
43:23 Siege Engineers
43:49 Architecture
44:30 Fortified Wall
44:15 Murder Holes
48:41 Caravan
48:52 Guilds
UncleRambo69
9:26 Feudal Age
8:54 Loom
11:05 Fletching
11:25 Town Watch
16:05 Double-Bit Axe
16:41 Horse Collar
23:07 Castle Age
22:24 Stone Mining
22:26 Gold Mining
23:36 Wheelbarrow
24:01 Bodkin Arrow
25:46 Bow Saw
25:38 Heavy Plow
27:16 Guard Tower
37:32 Hand Cart
37:53 Town Patrol
42:22 Imperial Age
40:46 Forging
40:42 Scale Barding Armor
42:10 Stone Shaft Mining
42:05 Bloodlines
42:40 Iron Casting
43:07 Chain Barding Armor
42:27 Cavalier
46:03 Plate Barding Armor
47:20 Sappers
48:16 Conscription
48:41 Pikeman
49:22 Squires
49:34 Halberdier
50:18 Scale Mail Armor
52:13 Chain Mail Armor
52:59 Blast Furnace
fairoz05329
10:51 Feudal Age
14:27 Castle Age
12:44 Double-Bit Axe
13:16 Horse Collar
15:32 Bow Saw
20:04 Heavy Plow
21:43 Wheelbarrow
22:33 Hand Cart
22:34 Fletching
22:46 Padded Archer Armor
25:15 Bodkin Arrow
25:35 Leather Archer Armor
28:09 Imperial Age
25:46 Loom
26:14 Thumb Ring
26:43 Forging
26:34 Scale Mail Armor
26:40 Stone Mining
26:35 Crossbowman
28:59 Ballistics
28:24 Capped Ram
29:04 Gold Mining
29:53 Stone Shaft Mining
29:04 Arbalester
30:20 Bracer
31:41 Ring Archer Armor
32:57 Chemistry
32:16 Elite Skirmisher
35:15 Siege Engineers
36:09 Paper Money
36:47 Iron Casting
36:28 Chain Mail Armor
36:21 Arson
36:37 Squires
36:01 Pikeman
37:30 Hoardings
38:02 Masonry
41:45 Elite Fire Lancer
41:57 Elite Rattan Archer
42:33 Elite Fire Lancer
43:02 Imperial Skirmisher
44:16 Plate Mail Armor
44:00 Scale Barding Armor
43:58 Onager
44:51 Halberdier
NewNormal
11:01 Feudal Age
11:37 Double-Bit Axe
14:24 Castle Age
12:16 Horse Collar
14:36 Wheelbarrow
15:26 Bow Saw
20:18 Heavy Plow
22:36 Gold Mining
24:59 Hand Cart
25:14 Scale Barding Armor
28:10 Imperial Age
26:10 Bloodlines
26:40 Husbandry
27:31 Chain Barding Armor
27:27 Forging
28:04 Cavalier
30:13 Plate Barding Armor
32:02 Iron Casting
31:33 Stone Mining
32:18 Gold Shaft Mining
31:16 Savar
34:08 Blast Furnace
36:58 Stone Shaft Mining
37:13 Citadels
37:53 Fletching
38:26 Ballistics
38:18 Masonry
39:04 Conscription
39:55 Chemistry
39:24 Bodkin Arrow
40:42 Hoardings
40:41 Architecture
39:41 Capped Ram
40:55 Padded Archer Armor
40:56 Scale Mail Armor
41:57 Guard Tower
42:13 Heavy Camel Rider
42:22 Light Cavalry
48:36 Caravan
49:16 Thumb Ring
48:53 Hussar
Connection lost

Rejoining the realm…

Still unreachable

The connection could not be restored.

Session expired

The server has moved on; the page needs a fresh start.